 Dungeon Crawl Stone Soup version 0.31-a0-865-g3d5d91748a (webtiles) character file.

Game seed: 17240800994985790604

1146 ipx the Chopper (level 8, -5/39 HPs)
             Began as a Vine Stalker Fighter on Oct 11, 2023.
             Was an Initiate of Okawaru.
             Engulfed by a cloud of flame (16 damage)
             ... on level 6 of the Dungeon.
             The game lasted 00:19:29 (1466 turns).

ipx the Chopper (Vine Stalker Fighter)              Turns: 1466, Time: 00:19:29

Health: -5/39      AC:  9    Str: 21    XL:     8   Next: 38%
Magic:  0/9        EV:  9    Int:  8    God:    Okawaru [......]
Gold:   21         SH:  0    Dex: 14    Spells: 7/7 levels left

rFire   . . .        a - +3 dire flail (freeze)
rCold   . . .        (shield currently unavailable)
rNeg    . . .        j - +0 scale mail
rPois   .            l - +1 helmet
rElec   .            (no cloak)
rCorr   .            d - +0 pair of gloves
SInv    +            (no boots)
Will    +....        (no amulet) Stlth
                     v - ring of see invisible
HPRegen 1.06/turn    (no ring)
MPRegen 0.11/turn

%: guardian spirit
@: no status effects
A: fangs 3, regeneration 1, magic shield, antimagic bite, no potion heal 2
a: Renounce Religion


You were on level 6 of the Dungeon.
You worshipped Okawaru.
Okawaru was noncommittal.
You visited 2 branches of the dungeon, and saw 9 of its levels.
You also visited: Sewer.

You collected 114 gold pieces.
You spent 93 gold pieces at shops.

Inventory:

Hand Weapons
 a - a +3 dire flail of freezing (weapon)
 b - a +0 war axe
Missiles
 n - 5 datura-tipped darts
 o - 3 javelins (quivered)
 q - 6 poisoned darts
Armour
 c - a +0 buckler
 d - a +0 pair of gloves (worn)
 g - a +0 tower shield
 j - a +0 scale mail (worn)
 l - a +1 helmet (worn)
Jewellery
 v - a ring of see invisible (left hand)
 I - a ring of ice
Wands
 k - a wand of flame (6)
 t - a wand of iceblast (9)
Scrolls
 e - a scroll of poison
 h - a scroll of fog
 i - a scroll of teleportation
 m - a scroll of immolation
 r - a scroll of vulnerability
 s - a scroll of blinking {unknown}
Potions
 f - 2 potions of haste
 p - 3 potions of degeneration {unknown}
 u - a potion of resistance


   Skills:
 - Level 2.6 Fighting
 - Level 7.2(7.3) Axes
 + Level 1.9(4.9) Maces & Flails
 - Level 4.0 Throwing
 - Level 2.4 Armour
 - Level 2.6 Shields
 + Level 2.1 Evocations


You had 7 spell levels left.
You didn't know any spells.
Your spell library contained the following spells:

 Spells                   Type           Power      Damage    Failure   Level
 Apportation              Tloc           0%         N/A       75%         1
 Jinxbite                 Hex            0%         N/A       87%         2
 Alistair's Intoxication  Tmut/Pois      0%         N/A       100%        5


Dungeon Overview and Level Annotations

Branches:
Dungeon (8/15)             Temple (1/1) D:6           Sewer (visited)
   Lair: D:8-11

Altars:
Ashenzari
Dithmenos
Elyvilon
Fedhas
Gozag
Makhleb
Nemelex Xobeh
Okawaru
Qazlal
Ru
Trog
Vehumet
Wu Jian
Yredelemnul
Zin
The Shining One

Shops:
D:1 :   D:2 :*(

Annotations:
D:6 1 transporter


Innate Abilities, Weirdness & Mutations

You have razor-sharp teeth.
Your natural rate of healing is unusually fast.
When hurt, damage is shared between your health and your magic reserves.
Your bite disrupts and absorbs the magic of your enemies.
Potions cannot restore your health.


Message History

You kill the shadow imp!
Okawaru accepts your kill.
You hit the jelly. You freeze the jelly.
Your hands burn!
You bite the jelly. You drain its power.
You feel invigorated.
The jelly is severely wounded.
The jelly hits you but does no damage.
You puncture the jelly! You freeze the jelly.
You kill the jelly!
Okawaru accepts your kill.
Training target 4.0 for Throwing reached!
Your Throwing skill increases to level 4!
Found a transporter.
Found a potion of resistance.
There is a transporter here.
Press: ? - help, v - describe, . - travel, g - get item Item here: a potion of resistance.
The floor.
Okay, then.
You enter the transporter and appear at another place.
u - a potion of resistance You open the gate.
A fire bat comes into view.
Found 33 gold pieces, a leather armour and a book of Necromancy.
Found a transporter.
The fire bat barely misses you.
There is an open gate here.
You miss the fire bat.
You are engulfed in blazing flames.
The fire bat bites you but does no damage.
The fire bat bites you but does no damage.
You thump the fire bat! You freeze the fire bat!
You kill the fire bat!
Okawaru accepts your kill.
Your base Maces & Flails skill increases to level 1!
Your Evocations skill increases to level 2!
You are engulfed in blazing flames.
There is an open gate here.
You are engulfed in blazing flames.
* * * LOW HITPOINT WARNING * * *
You are engulfed in blazing flames.
You die...

#..°.○○☼#...# .+##
#°○○°○○°##..# .#..
#○☼#©#☼☼###.# .#..
#○☼...☼°#...# ##.#..
#○○#.#°☼#.#.####.####
#○☼...○°#........##..
####''○#####.......#..
#○☼°☼☼○☼°°##.......#..
#○°☼.@☼○☼○##.......'##
#○○°...○°☼##..........
#○☼°$$$°°○##......####
#☼○○:©[°°○####.##...
########### #...###
##.©.## .... #...# .
... ##... ...


There were no monsters in sight!

Vanquished Creatures
  A fire bat (D:6)
  2 water moccasins
  A centaur (D:7)
  A bullfrog (D:8)
  4 wights (D:6)
  A howler monkey (D:6)
  A jelly (D:6)
  A hound (D:7)
  An orc wizard (D:6)
  Natasha (D:3)
  An iguana (D:7)
  2 sleepcaps
  Robin (D:2)
  6 gnolls
  6 adders (D:3)
  A shadow imp (D:6)
  2 worms (D:2)
  3 dart slugs
  8 bats
  6 endoplasms
  3 giant cockroaches
  13 goblins
  5 hobgoblins
  2 jackals (Sewer)
  5 kobolds
  4 quokkas
  5 ball pythons
  A frilled lizard (D:1)
  6 rats
94 creatures vanquished.

Notes
Turn   | Place    | Note
-------+----------+-------------------------------------------
     0 | D:1      | ipx the Vine Stalker Fighter began the quest for the Orb.
     0 | D:1      | Reached XP level 1. HP: 11/11 MP: 2/2
    51 | D:1      | Reached skill level 2 in Axes
    91 | D:1      | Reached XP level 2. HP: 16/16 MP: 3/3
   103 | D:1      | Found Ynnar's Book Emporium.
   150 | D:1      | Found a faded altar of an unknown god.
   281 | D:1      | Reached skill level 3 in Axes
   318 | D:2      | Noticed Robin
   324 | D:1      | Reached XP level 3. HP: 18/19 MP: 4/4
   370 | D:2      | Found Vuerruis's Antique Weapon Shop.
   405 | D:3      | Found an ornate altar of the Wu Jian Council.
   422 | D:3      | Reached XP level 4. HP: 23/23 MP: 3/5
   425 | D:3      | Reached skill level 4 in Axes
   506 | D:3      | Found a glowing drain.
   524 | Sewer    | Entered a sewer
   536 | Sewer    | Reached XP level 5. HP: 27/27 MP: 6/6
   551 | Sewer    | Noticed a water moccasin
   559 | Sewer    | Killed a water moccasin
   560 | Sewer    | Reached skill level 5 in Axes
   560 | Sewer    | Reached XP level 6. HP: 4/32 MP: 1/7
   686 | D:5      | Entered Level 5 of the Dungeon
   706 | D:3      | Noticed Natasha
   720 | D:3      | Killed Natasha
   770 | D:2      | Killed Robin
   817 | D:2      | Found Ononn's General Store.
   825 | D:2      | Bought a +0 pair of gloves for 49 gold pieces
   825 | D:2      | Bought a scroll of immolation for 44 gold pieces
   863 | D:2      | Found Gacynt's Book Boutique.
   879 | D:2      | Reached skill level 6 in Axes
  1038 | D:4      | You fall into a shaft and drop 3 floors!
  1040 | D:7      | Found a shadowy altar of Dithmenos.
  1051 | D:7      | Reached skill level 1 in Throwing
  1165 | D:7      | Noticed a two-headed ogre
  1176 | D:7      | Reached XP level 7. HP: 35/35 MP: 8/8
  1267 | D:6      | Found a staircase to the Ecumenical Temple.
  1284 | D:6      | Reached skill level 7 in Axes
  1291 | D:6      | Gained mutation: You have razor-sharp teeth. [Vine Stalker
                  | growth]
  1291 | D:6      | Reached XP level 8. HP: 21/39 MP: 5/9
  1311 | Temple   | Entered the Ecumenical Temple
  1343 | Temple   | Became a worshipper of Warmaster Okawaru
  1393 | D:6      | Found a sacrificial altar of Ru.
  1436 | D:6      | Reached skill level 1 in Evocations
  1443 | D:6      | Found a transporter.
  1456 | D:6      | Found a transporter.
  1461 | D:6      | Reached skill level 1 in Maces & Flails
  1466 | D:6      | Engulfed by a cloud of flame

Illustrated notes

Levels and vault maps discovered:
D:1:      lemuel_arrival_broad_hall, layout_basic,
          shapermc_ecumenical_altar_mp_ritualfount, serial_shops,
          nicolae_book_shop_shelving, nicolae_shop_vocational
D:2:      layout_basic, serial_shops, shop, shop, nicolae_square_shop,
          chequers_serial_rivers_large_b, minmay_diced_spiral, uniq_robin
D:3:      layout_rooms, mainiacjoe_overflow_surrounded_room,
          mainiacjoe_overflow_concentric_impassable, gup_sewer_entry_glass,
          uniq_natasha
D:4:      layout_basic, kennysheep_mini, cheibriados_altar_1, serial_shops,
          shop, nicolae_shop_self_help
D:5:      layout_basic, mainiacjoe_overflow_paths, kennysheep_generic_room_14
D:6:      gammafunk_cloud_chamber, layout_basic,
          nicolae_ru_great_annihilating_truth, minmay_temple_entry_mini_moons,
          uniq_prince_ribbit1
D:7:      layout_rooms, mainiacjoe_overflow_cross_hatched, led_sif_book,
          minivault_19, grunt_ministairs_10
D:8:      layout_cave_pools, special_room [special_room_orc], minmay_checkerbox,
          uniq_psyche
Temple:   oiseaux_autumnal_temple

Skill      XL: |  1  2  3  4  5  6  7  8 |
---------------+-------------------------+-----
Axes           | 2 3 4 5 6 7 |  7.2
Throwing       | 1 3 4 |  4.0
Evocations     | 2 |  2.1
Maces & Flails | 1 |  1.9
Fighting       | |  2.6
Armour         | |  2.4
Shields        | |  2.6

Action                     |  1- 3 |  4- 6 |  7- 9 || total
---------------------------+-------+-------+-------++-------
  Melee: War axe           |    65 |   108 |    27 ||   200
         Bite              |    17 |    29 |    17 ||    63
         Dire flail        |       |       |    20 ||    20
  Throw: Javelin           |       |       |     3 ||     3
  Evoke: Wand              |       |       |     3 ||     3
    Use: Potion            |       |     1 |     1 ||     2
         Scroll            |       |     9 |       ||     9
 Armour: Scale mail        |    50 |    74 |    39 ||   163
  Dodge: Dodged            |    35 |    45 |    23 ||   103
  Block: Buckler           |    10 |    25 |     2 ||    37

Table legend: (Time is in decaauts)
 A = Elapsed time spent in this place.
 B = Non-inter-level travel time spent in this place.
 C = Inter-level travel time spent in this place.
 D = Time resting spent in this place.
 E = Time spent auto-exploring this place.
 F = Levels seen in this place.
 G = Mean time per level.
                   A        B        C        D        E       F      G
               +--------+--------+--------+--------+--------+-----+--------+
         Total |   1556 |   1480 |     76 |      0 |      0 |  10 |  155.6 |
       Dungeon |   1336 |   1322 |     14 |      0 |      0 |   8 |  167.0 |
        Temple |     69 |      7 |     62 |      0 |      0 |   1 |   69.0 |
         Sewer |    150 |    150 |      0 |      0 |      0 |   1 |  150.0 |
               +--------+--------+--------+--------+--------+-----+--------+

Top non-repeatable levels by time:
     D:1: 375 daAuts
     D:3: 227 daAuts
     D:7: 200 daAuts
     D:2: 192 daAuts
     D:6: 155 daAuts
     D:4: 154 daAuts
   Sewer: 150 daAuts
  Temple: 69 daAuts
     D:5: 15 daAuts
     D:8: 14 daAuts
